 Dungeon Crawl Stone Soup version 0.22.1-1-ga44c0e5 (webtiles) character file.

336 roasted the Cudgeler (level 6, -2/61 HPs)
             Began as a Troll Berserker on Oct 7, 2018.
             Was a Priest of Trog.
             Killed from afar by Dowan (9 damage)
             ... with a shard of ice
             ... on level 4 of the Dungeon.
             The game lasted 00:20:04 (2464 turns).

roasted the Cudgeler (Troll Berserker)              Turns: 2464, Time: 00:20:05

Health: -2/61      AC:  5    Str: 28    XL:     6   Next: 28%
Magic:  0/5        EV: 11    Int:  3    God:    Trog [***...]
Gold:   92         SH:  0    Dex:  9    Spells: 5/5 levels left

rFire    . . .     SeeInvis .   a - +0 mace
rCold    . . .     Gourm    +   (no shield)
rNeg     . . .     Faith    .   b - +0 animal skin
rPois    .         Spirit   +   l - +0 hat
rElec    .         Reflect  .   h - scarf {Spirit}
rCorr    .         Harm     .   (gloves unavailable)
MR       +....                  (boots unavailable)
Stlth    +.........             (no amulet)
HPRegen  0.60/turn              j - ring of protection from magic
MPRegen  0.09/turn              (no ring)

@: about to teleport, hasted, very quick
A: large, unfitting armour, claws 3, fast metabolism 3, gourmand, regeneration
1, shaggy fur 1, tough skin 2
a: Berserk, Trog's Hand, Renounce Religion


You were on level 4 of the Dungeon.
You worshipped Trog.
Trog was most pleased with you.
You were not hungry.

You visited 1 branch of the dungeon, and saw 4 of its levels.

You collected 92 gold pieces.

Inventory:

Hand Weapons
 a - a +0 mace (weapon)
 g - a +2 spear of flaming
 i - a +3 hunting sling
Armour
 b - a +0 animal skin (worn)
 h - a scarf of spirit shield (worn)
 k - a +2 pair of gloves
 l - a +0 hat (worn)
Jewellery
 j - a ring of protection from magic (left claw)
Scrolls
 d - 3 scrolls of teleportation
 e - a scroll of identify
 f - 3 scrolls of magic mapping
 m - a scroll of noise {unknown}
 o - a scroll of enchant weapon {unknown}
Potions
 p - a potion of heal wounds {unknown}
Comestibles
 c - 6 rations


   Skills:
 + Level 3.2 Fighting
 + Level 4.8 Maces & Flails
 + Level 4.0 Dodging


You had 5 spell levels left.
You didn't know any spells.
Your spell library was empty.

Dungeon Overview and Level Annotations

Branches:
Dungeon (4/15)
 Temple: D:4-7

Altars:
Hepliaklqana
Ru

Annotations:
D:4 Dowan


Innate Abilities, Weirdness & Mutations

You are too large for most types of armour.
You have claws for hands.
Your metabolism is lightning-fast.
You like to eat raw meat.
Your natural rate of healing is unusually fast.
You are covered in fur. (AC +1)
You have very tough skin. (AC +2)


Message History

* * * LOW HITPOINT WARNING * * *
You thump Duvessa!
Duvessa is almost dead.
Duvessa hits you with a short sword.
* * * LOW HITPOINT WARNING * * *
You hit Duvessa.
You kill Duvessa!
Trog accepts your kill.
Dowan screams, "No!
Oh no!"
Dowan seems to find hidden reserves of power!
Your Dodging skill increases to level 4!
You have reached level 6!
Your experience leads to an increase in your attributes!
Increase (S)trength, (I)ntelligence, or (D)exterity?
You feel stronger. x2
As you read the scroll of teleportation, it crumbles to dust.
You feel strangely unstable. Dowan casts a spell at you.
The shard of ice hits you!
You die...

#############################....
(...............e....e......>..#.
###.##################.#####...#"
#†# #...###...#. #.# ###.......#.
#.# #########..###.[.. #.#
#.)......[...)..## #.#
#..e.......####.## #.#
#@.........####.). #.#
#...............## #.#
#........(.####.# #.#
#......<...†....# #.#
#..........###### #..........#
############


You could see Dowan.

Vanquished Creatures
  Duvessa (D:4)
  A crimson imp (D:3)
  Jessica (D:3)
  A worker ant (D:4)
  5 adders
  An ooze (D:3)
  4 worms
  3 leopard geckos (D:1)
  8 orcs
  7 bats
  4 giant cockroaches
  8 goblins
  5 hobgoblins
  7 jackals
  3 quokkas
  A ball python (D:1)
  10 frilled lizards
  4 kobolds
  9 rats
  A plant (D:1)
84 creatures vanquished.

Notes
Turn   | Place    | Note
-------+----------+-------------------------------------------
     0 | D:1      | roasted the Troll Berserker began the quest for the Orb.
     0 | D:1      | Reached XP level 1. HP: 22/22 MP: 0/0
   286 | D:1      | Reached XP level 2. HP: 29/29 MP: 1/1
   673 | D:1      | Reached XP level 3. HP: 32/36 MP: 2/2
   894 | D:2      | Found a hazy altar of Hepliaklqana.
  1040 | D:2      | Reached ** piety under Trog
  1275 | D:2      | Reached XP level 4. HP: 40/44 MP: 3/3
  1709 | D:3      | Noticed Jessica
  1730 | D:3      | HP: 1/44 [quokka (5)]
  1731 | D:3      | Killed Jessica
  1731 | D:3      | Reached XP level 5. HP: 1/52 MP: 0/4
  2209 | D:3      | Found a sacrificial altar of Ru.
  2376 | D:4      | Reached *** piety under Trog
  2394 | D:4      | Noticed Duvessa
  2394 | D:4      | Noticed Dowan
  2417 | D:4      | HP: 1/53 [Duvessa/short sword (6)]
  2461 | D:4      | Killed Duvessa
  2461 | D:4      | Reached XP level 6. HP: 6/61 MP: 2/5
  2464 | D:4      | Killed from afar by Dowan

Skill      XL: |  1  2  3  4  5 |
---------------+----------------+-----
Maces & Flails | 3 4 |  4.8
Dodging        | 3 4 |  4.0
Fighting       | 3 |  3.2

Action                   |  1- 3 |  4- 6 || total
-------------------------+-------+-------++-------
Melee: Mace              |   163 |   155 ||   318
  Use: Scroll            |       |     7 ||     7
       Potion            |       |     1 ||     1
  Eat: Chunk             |    16 |     8 ||    24
Armor: Animal skin       |    61 |    49 ||   110
Dodge: Dodged            |    89 |    84 ||   173
